 Dungeon Crawl Stone Soup version 0.30-a0-165-g1891117ce2 (webtiles) character file.

Game seed: 11319939339192695532

5577 qw the Cleaver (level 10, 0/66 HPs)
             Began as a Gargoyle Fighter on Sept 28, 2022.
             Slain by a death yak (18 damage)
             ... on level 9 of the Dungeon.
             The game lasted 00:03:25 (9245 turns).

qw the Cleaver (Gargoyle Fighter)                   Turns: 9245, Time: 00:03:25

Health: 0/66       AC: 19    Str: 24    XL:     10   Next: 72%
Magic:  10/10      EV: 12    Int:  9    God:
Gold:   393        SH:  4    Dex:  9    Spells: 9/9 levels left

rFire   + + .      SeeInvis .    Y - +2 war axe
rCold   + . .      Faith    .    c - +0 buckler
rNeg    + . .      Spirit   .    k - +0 chain mail {rF+}
rPois   inf        Reflect  .    (no helmet)
rElec   +          Harm     .    l - scarf {rC+ rF+}
rCorr   .          Rampage  .    o - +0 pair of gloves
Will    .....                    j - +0 pair of boots
Stlth   ..........               (no amulet)
HPRegen 0.21/turn                r - +4 ring of evasion
MPRegen 0.12/turn                (no ring)

@: no status effects
A: sickness immunity, AC +7, negative energy resistance 1, electricity
resistance, torment resistance 1, petrification resistance
a: no special abilities


You were on level 9 of the Dungeon.
You visited 1 branch of the dungeon, and saw 9 of its levels.

You collected 603 gold pieces.
You spent 210 gold pieces at shops.


Innate Abilities, Weirdness & Mutations

You are immune to sickness and miasma.
Your stone body is resilient. (AC +7)
You are immune to poison.
You resist negative energy. (rN+)
You are resistant to electric shocks. (rElec)
You are resistant to unholy torment.
You are immune to petrification.


   Skills:
 - Level 9.1 Fighting
 - Level 11.3 Axes
 - Level 6.0 Armour
 + Level 1.0 Dodging
 - Level 5.1 Shields


You had 9 spell levels left.
You didn't know any spells.
Your spell library was empty.

Inventory:

Hand Weapons
 q - a +2 flail of holy wrath
 Y - a +2 war axe (weapon)
Armour
 c - a +0 buckler (worn)
 i - a +0 cloak
 j - a +0 pair of boots (worn)
 k - a +0 chain mail of fire resistance (worn)
 l - a scarf of resistance (worn)
 o - a +0 pair of gloves (worn)
 p - a +3 ring mail of cold resistance
Jewellery
 r - a +4 ring of evasion (left hand)
Scrolls
 a - a scroll of identify
Potions
 b - a potion of attraction
 d - a potion of might
 e - a potion of haste
 f - a potion of ambrosia {unknown}
 h - 6 potions of curing
 m - a potion of resistance

Dungeon Overview and Level Annotations

Branches:
Dungeon (9/15)             Temple (0/1) D:7
   Lair: D:8-11         Orc: D:9-12

Altars:
Ru

Shops:
D:4 [

Annotations:
D:2 1 runed translucent door, Crazy Yiuf
D:3 3 runed translucent doors, qw's ghost, amateur GrFi
D:6 1 runed translucent door, qw's ghost, novice GrFi


Message History

You hit the death yak but do no damage.
The death yak is almost dead.
The death yak snorts and paws the ground.
The death yak barely misses you.
You hit the death yak.
The death yak is almost dead.
The death yak gores you but does no damage.
The death yak bellows!
You slash the death yak!
You kill the death yak!
You hear a shout! x2
Your Axes skill increases to level 11!
You hit the death yak.
The death yak is lightly wounded.
The death yak gores you!
You hit the death yak.
The death yak is lightly wounded.
The death yak gores you!!
You slash the death yak!
The death yak is moderately wounded.
You block the death yak's attack.
You slice the death yak!!
The death yak is heavily wounded.
The death yak closely misses you.
You slash the death yak!
The death yak is severely wounded.
The death yak closely misses you.
The death yak snorts and paws the ground.
You slash the death yak!
The death yak is almost dead.
The death yak barely misses you.
You hit the death yak but do no damage.
The death yak is almost dead.
You block the death yak's attack.
You slash the death yak!
You kill the death yak!
Your Fighting skill increases to level 9!
You hit the death yak but do no damage. The death yak gores you!!
You die...
Y

.. .Y. ...Y .....##
########+###
.....YY######...<.......
#Y.YY@.'.......:...
########...........
#...........
#...........
#...........
############


You could see 5 death yaks.

Vanquished Creatures
  2 death yaks (D:9)
  A hornet (D:8)
  Grinder (D:6)
  Sigmund (D:6)
  6 yaks (D:7)
  2 steam dragons
  Edmund (D:6)
  Duvessa (D:7)
  2 water moccasins
  2 black bears
  2 sky beasts (D:7)
  An ice beast (D:5)
  3 ogres
  A centaur (D:8)
  Blork the orc (D:6)
  A kobold brigand (D:8)
  3 necrophages
  A bullfrog (D:7)
  2 scorpions
  Dowan (D:7)
  5 howler monkeys
  A jelly (D:6)
  A gnoll bouda (D:5)
  2 orc priests
  2 hounds (D:6)
  5 iguanas
  Jessica (D:3)
  Terence (D:3)
  5 orc wizards
  Natasha (thrice) (D:4)
  4 gnolls (D:5)
  6 adders
  2 white imps
  An ufetubus (D:5)
  4 dart slugs
  A worm (D:5)
  26 orcs
  5 ball pythons
  7 endoplasms
  2 giant cockroaches (D:2)
  9 hobgoblins
  5 jackals
  3 quokkas
  6 bats
  4 frilled lizards
  9 goblins
  14 kobolds
  8 rats
177 creatures vanquished.

Notes
Turn   | Place    | Note
-------+----------+-------------------------------------------
     0 | D:1      | qw the Gargoyle Fighter began the quest for the Orb.
     0 | D:1      | Reached XP level 1. HP: 14/14 MP: 1/1
     0 | D:1      | 0 ||| qw: Version: 0.2-a-12-gaebbb33
     0 | D:1      | 0 ||| qw: Game counter: 860
     0 | D:1      | 0 ||| qw: Always use a shield: true
     0 | D:1      | 0 ||| qw: God list: Okawaru
     0 | D:1      | 0 ||| qw: Allow faded altars: false
     0 | D:1      | 0 ||| qw: Do Orc after D:15 true
     0 | D:1      | 0 ||| qw: Do second Lair branch before Depths: true
     0 | D:1      | 0 ||| qw: Lair rune preference: random
     0 | D:1      | 0 ||| qw: Plans: Normal, Zot:1-4, God:TSO, Crypt, Tomb,
                  | Pan, Slime:5, Hells, Abyss, Orb
     0 | D:1      | 0 ||| PLANNING D:1-11
    22 | D:1      | Reached skill level 2 in Axes
   168 | D:1      | Reached XP level 2. HP: 19/19 MP: 2/2
   169 | D:1      | 169 ||| Stepping ~*~*~tactically~*~*~ (stealth).
   179 | D:1      | 179 ||| DROPPING +0 club.
   227 | D:1      | 227 ||| Stepping ~*~*~tactically~*~*~ (stealth).
   228 | D:1      | 228 ||| Stepping ~*~*~tactically~*~*~ (stealth).
   367 | D:1      | Reached skill level 3 in Axes
   389 | D:1      | Reached XP level 3. HP: 22/23 MP: 3/3
   549 | D:1      | 549 ||| Stepping ~*~*~tactically~*~*~ (stealth).
   550 | D:1      | 550 ||| Stepping ~*~*~tactically~*~*~ (stealth).
   643 | D:1      | 643 ||| READING 3 scrolls labelled WUMYRA RUT JAO.
   644 | D:1      | 644 ||| READING scroll labelled RAODEA ALUAVAIZ.
   645 | D:1      | 645 ||| READING scroll labelled GUUKKAI MAIFOS.
   646 | D:1      | 646 ||| READING scroll labelled PATHRU JEOBARAO.
   647 | D:1      | 647 ||| READING 2 scrolls of identify.
   647 | D:1      | 647 ||| IDENTIFYING blue potion
   661 | D:2      | 661 ||| STAIRDANCE
   726 | D:2      | 726 ||| STAIRDANCE
   920 | D:2      | 920 ||| Stepping ~*~*~tactically~*~*~ (stealth).
   921 | D:2      | 921 ||| Stepping ~*~*~tactically~*~*~ (stealth).
  1044 | D:2      | 1044 ||| Stepping ~*~*~tactically~*~*~ (hiding).
  1052 | D:2      | Reached XP level 4. HP: 28/28 MP: 4/4
  1250 | D:2      | Reached skill level 4 in Axes
  1290 | D:2      | 1290 ||| Stepping ~*~*~tactically~*~*~ (hiding).
  1651 | D:2      | 1651 ||| DROPPING +0 whip.
  1657 | D:2      | Found a runed translucent door.
  1658 | D:2      | Noticed Crazy Yiuf
  1661 | D:2      | 1661 ||| UPGRADING to +0 chain mail.
  1671 | D:2      | 1671 ||| DROPPING +0 scale mail.
  1672 | D:2      | 1672 ||| READING scroll labelled ZIARUB ZUITAAFU.
  1773 | D:2      | 1773 ||| READING scroll labelled BEMIUN YDERA.
  1837 | D:2      | 1837 ||| DRINKING 4 lumpy brown potions.
  1880 | D:3      | 1880 ||| STAIRDANCE
  1966 | D:3      | 1966 ||| STAIRDANCE
  2087 | D:3      | Noticed Jessica
  2088 | D:3      | 2088 ||| STAIRDANCE
  2215 | D:2      | 2215 ||| DROPPING +1 hammer of holy wrath.
  2262 | D:3      | Killed Jessica
  2294 | D:3      | 2294 ||| Stepping ~*~*~tactically~*~*~ (stealth).
  2303 | D:3      | 2303 ||| Stepping ~*~*~tactically~*~*~ (stealth).
  2315 | D:3      | Reached XP level 5. HP: 28/32 MP: 5/5
  2359 | D:3      | Noticed qw's ghost (amateur GrFi)
  2372 | D:3      | 2372 ||| Stepping ~*~*~tactically~*~*~ (stealth).
  2402 | D:3      | 2402 ||| Stepping ~*~*~tactically~*~*~ (hiding).
  2413 | D:3      | Reached skill level 5 in Axes
  2422 | D:3      | 2422 ||| Stepping ~*~*~tactically~*~*~ (stealth).
  2423 | D:3      | 2423 ||| Stepping ~*~*~tactically~*~*~ (stealth).
  2424 | D:3      | 2424 ||| Stepping ~*~*~tactically~*~*~ (stealth).
  2425 | D:3      | 2425 ||| Stepping ~*~*~tactically~*~*~ (stealth).
  2551 | D:3      | Found a runed translucent gate.
  2551 | D:3      | Found a runed translucent gate.
  2551 | D:3      | Found a runed translucent gate.
  2679 | D:3      | Found a sacrificial altar of Ru.
  2681 | D:3      | 2681 ||| UPGRADING to +0 cloak.
  2704 | D:3      | 2704 ||| UPGRADING to +0 pair of boots.
  2738 | D:3      | Noticed Terence
  2749 | D:3      | Killed Terence
  2750 | D:3      | Reached XP level 6. HP: 30/38 MP: 6/6
  2753 | D:3      | 2753 ||| Stepping ~*~*~tactically~*~*~ (stealth).
  2755 | D:3      | 2755 ||| Stepping ~*~*~tactically~*~*~ (stealth).
  2853 | D:3      | 2853 ||| UPGRADING to +0 chain mail of fire resistance.
  2863 | D:3      | 2863 ||| DROPPING +0 chain mail.
  2885 | D:3      | 2885 ||| UPGRADING to scarf of resistance.
  3166 | D:3      | 3166 ||| READING scroll labelled WUPNED AFAMAU.
  3233 | D:3      | 3233 ||| DRINKING 2 fizzy golden potions.
  3371 | D:4      | 3371 ||| Stepping ~*~*~tactically~*~*~ (stealth).
  3680 | D:4      | Noticed a black bear
  3692 | D:4      | Killed a black bear
  3693 | D:4      | Reached skill level 6 in Axes
  3693 | D:4      | Reached XP level 7. HP: 19/43 MP: 7/7
  3938 | D:4      | Found Etwitt's Antique Armour Emporium.
  3951 | D:4      | 3951 ||| SHOPLISTING glimmering chain mail (285 gold, have
                  | 220).
  3951 | D:4      | 3951 ||| SHOPLISTING plate armour (690 gold, have 220).
  3951 | D:4      | 3951 ||| SHOPLISTING runed plate armour (780 gold, have
                  | 220).
  3951 | D:4      | 3951 ||| BUYING runed ring mail (210 gold).
  3951 | D:4      | Bought a runed ring mail for 210 gold pieces
  3951 | D:4      | 3951 ||| SHOPLISTING runed scale mail (210 gold, have 10).
  3951 | D:4      | 3951 ||| SHOPLISTING steaming cloak (285 gold, have 10).
  3963 | D:4      | 3963 ||| DROPPING +0 flail.
  4094 | D:4      | Noticed Natasha
  4106 | D:4      | Killed Natasha
  4178 | D:4      | Reached skill level 1 in Dodging
  4317 | D:4      | 4317 ||| DROPPING orb of mayhem.
  4318 | D:4      | 4318 ||| READING scroll labelled JEEBEU KIPACK.
  4319 | D:4      | 4319 ||| READING 2 scrolls labelled TEINKE LUIN.
  4320 | D:4      | 4320 ||| READING scroll of enchant weapon.
  4320 | D:4      | 4320 ||| ENCHANTING +1 war axe.
  4342 | D:4      | Noticed Natasha
  4350 | D:4      | Killed Natasha
  4360 | D:5      | Entered Level 5 of the Dungeon
  4365 | D:5      | 4365 ||| STAIRDANCE
  4370 | D:4      | HP: 8/43 [ogre/+0 giant spiked club (3)]
  4371 | D:4      | 4371 ||| READING 2 scrolls of teleportation.
  4372 | D:4      | 4372 ||| DRINKING 2 potions of heal wounds.
  4610 | D:5      | Reached skill level 7 in Axes
  4829 | D:5      | 4829 ||| Stepping ~*~*~tactically~*~*~ (stealth).
  4831 | D:5      | 4831 ||| Stepping ~*~*~tactically~*~*~ (stealth).
  4834 | D:5      | 4834 ||| Stepping ~*~*~tactically~*~*~ (stealth).
  5099 | D:5      | HP: 10/44 [gnoll bouda/+0 whip (7)]
  5100 | D:5      | 5100 ||| READING scroll of teleportation.
  5101 | D:5      | 5101 ||| DRINKING potion of heal wounds.
  5132 | D:5      | 5132 ||| FLEEEEING.
  5133 | D:5      | 5133 ||| FLEEEEING.
  5134 | D:5      | 5134 ||| FLEEEEING.
  5136 | D:5      | 5136 ||| FLEEEEING.
  5137 | D:5      | 5137 ||| FLEEEEING.
  5138 | D:5      | 5138 ||| FLEEEEING.
  5139 | D:5      | 5139 ||| FLEEEEING.
  5140 | D:5      | 5140 ||| FLEEEEING.
  5141 | D:5      | 5141 ||| FLEEEEING.
  5142 | D:5      | 5142 ||| STAIRDANCE
  5173 | D:4      | Noticed Natasha
  5186 | D:4      | Killed Natasha
  5239 | D:4      | 5239 ||| READING 5 scrolls of identify.
  5239 | D:4      | 5239 ||| IDENTIFYING sedimented black potion
  5240 | D:4      | 5240 ||| DROPPING potion of flight.
  5257 | D:5      | Reached XP level 8. HP: 44/49 MP: 8/8
  5302 | D:5      | 5302 ||| Stepping ~*~*~tactically~*~*~ (stealth).
  5303 | D:5      | 5303 ||| Stepping ~*~*~tactically~*~*~ (stealth).
  5310 | D:5      | 5310 ||| FLEEEEING.
  5311 | D:5      | 5311 ||| FLEEEEING.
  5312 | D:5      | 5312 ||| FLEEEEING.
  5315 | D:5      | 5315 ||| FLEEEEING.
  5316 | D:5      | 5316 ||| FLEEEEING.
  5318 | D:5      | 5318 ||| FLEEEEING.
  5319 | D:5      | 5319 ||| FLEEEEING.
  5320 | D:5      | 5320 ||| FLEEEEING.
  5321 | D:5      | 5321 ||| FLEEEEING.
  5322 | D:5      | 5322 ||| FLEEEEING.
  5327 | D:5      | 5327 ||| STAIRDANCE
  5493 | D:5      | 5493 ||| Stepping ~*~*~tactically~*~*~ (hiding).
  5611 | D:5      | 5611 ||| Stepping ~*~*~tactically~*~*~ (hiding).
  5683 | D:5      | Reached skill level 8 in Axes
  6034 | D:5      | 6034 ||| READING scroll labelled HADI ZOTEZYHEM.
  6035 | D:5      | 6035 ||| READING 4 scrolls of identify.
  6035 | D:5      | 6035 ||| IDENTIFYING fizzy orange potion
  6036 | D:5      | 6036 ||| READING 3 scrolls of identify.
  6036 | D:5      | 6036 ||| IDENTIFYING viscous coppery potion
  6065 | D:6      | Noticed Sigmund
  6081 | D:6      | 6081 ||| DRINKING 5 potions of curing.
  6081 | D:6      | 6081 ||| (to cure confusion)
  6107 | D:6      | Killed Sigmund
  6108 | D:6      | Reached skill level 6 in Fighting
  6175 | D:6      | Noticed Grinder
  6176 | D:6      | 6176 ||| Stepping ~*~*~tactically~*~*~ (hiding).
  6182 | D:6      | Paralysed by Grinder for 3 turns
  6190 | D:6      | Killed Grinder
  6278 | D:6      | Noticed Blork the orc
  6285 | D:6      | Killed Blork the orc
  6286 | D:6      | 6286 ||| FLEEEEING.
  6287 | D:6      | 6287 ||| FLEEEEING.
  6288 | D:6      | 6288 ||| FLEEEEING.
  6289 | D:6      | 6289 ||| FLEEEEING.
  6290 | D:6      | 6290 ||| FLEEEEING.
  6291 | D:6      | 6291 ||| FLEEEEING.
  6292 | D:6      | 6292 ||| FLEEEEING.
  6293 | D:6      | 6293 ||| FLEEEEING.
  6294 | D:6      | 6294 ||| STAIRDANCE
  6331 | D:6      | 6331 ||| STAIRDANCE
  6339 | D:6      | 6339 ||| STAIRDANCE
  6360 | D:6      | Found a runed translucent door.
  6364 | D:6      | Noticed Edmund
  6381 | D:6      | Killed Edmund
  6385 | D:6      | 6385 ||| FLEEEEING.
  6386 | D:6      | 6386 ||| FLEEEEING.
  6387 | D:6      | 6387 ||| FLEEEEING.
  6388 | D:6      | 6388 ||| FLEEEEING.
  6389 | D:6      | 6389 ||| FLEEEEING.
  6390 | D:6      | 6390 ||| FLEEEEING.
  6392 | D:6      | 6392 ||| STAIRDANCE
  6546 | D:6      | Reached XP level 9. HP: 55/55 MP: 9/9
  6633 | D:6      | Reached skill level 9 in Axes
  6946 | D:6      | Noticed qw's ghost (novice GrFi)
  7007 | D:6      | 7007 ||| UPGRADING to +0 pair of gloves.
  7012 | D:6      | 7012 ||| READING 2 scrolls of identify.
  7012 | D:6      | 7012 ||| IDENTIFYING coppery potion
  7013 | D:6      | 7013 ||| DROPPING potion of brilliance.
  7134 | D:7      | 7134 ||| Stepping ~*~*~tactically~*~*~ (stealth).
  7200 | D:7      | 7200 ||| Stepping ~*~*~tactically~*~*~ (hiding).
  7202 | D:7      | 7202 ||| Stepping ~*~*~tactically~*~*~ (hiding).
  7204 | D:7      | 7204 ||| Stepping ~*~*~tactically~*~*~ (hiding).
  7238 | D:7      | Found a staircase to the Ecumenical Temple.
  7240 | D:7      | 7240 ||| Stepping ~*~*~tactically~*~*~ (stealth).
  7241 | D:7      | 7241 ||| Stepping ~*~*~tactically~*~*~ (stealth).
  7328 | D:7      | Noticed Dowan
  7329 | D:7      | Noticed Duvessa
  7341 | D:7      | Killed Duvessa
  7347 | D:7      | HP: 11/57 [Dowan/shard of ice (18)]
  7348 | D:7      | 7348 ||| DRINKING 2 potions of heal wounds.
  7349 | D:7      | Killed Dowan
  7505 | D:7      | 7505 ||| Stepping ~*~*~tactically~*~*~ (stealth).
  7524 | D:7      | Reached skill level 10 in Axes
  7526 | D:7      | HP: 8/57 [yak (7)]
  7527 | D:7      | 7527 ||| DRINKING potion of heal wounds.
  7528 | D:7      | 7528 ||| Stepping ~*~*~tactically~*~*~ (stealth).
  7538 | D:7      | Reached XP level 10. HP: 18/64 MP: 10/10
  7811 | D:7      | 7811 ||| Stepping ~*~*~tactically~*~*~ (hiding).
  7998 | D:7      | 7998 ||| UPGRADING to +4 ring of evasion.
  7999 | D:7      | 7999 ||| READING 2 scrolls labelled JUOSOTWUYLUR.
  8000 | D:7      | 8000 ||| READING 2 scrolls of identify.
  8000 | D:7      | 8000 ||| IDENTIFYING silvery potion
  8001 | D:7      | 8001 ||| DROPPING scroll of noise.
  8002 | D:7      | 8002 ||| DROPPING potion of magic.
  8073 | D:8      | Reached skill level 6 in Armour
  8099 | D:8      | 8099 ||| Stepping ~*~*~tactically~*~*~ (stealth).
  8100 | D:8      | 8100 ||| Stepping ~*~*~tactically~*~*~ (stealth).
  8103 | D:8      | 8103 ||| Stepping ~*~*~tactically~*~*~ (stealth).
  8694 | D:8      | 8694 ||| Stepping ~*~*~tactically~*~*~ (hiding).
  8806 | D:8      | Noticed a death knight
  8806 | D:8      | Noticed a deep elf pyromancer
  8911 | D:8      | 8911 ||| Stepping ~*~*~tactically~*~*~ (stealth).
  8950 | D:8      | 8950 ||| Stepping ~*~*~tactically~*~*~ (stealth).
  8976 | D:8      | 8976 ||| Stepping ~*~*~tactically~*~*~ (hiding).
  8978 | D:8      | 8978 ||| Stepping ~*~*~tactically~*~*~ (hiding).
  8979 | D:8      | 8979 ||| Stepping ~*~*~tactically~*~*~ (hiding).
  8987 | D:8      | 8987 ||| DRINKING 8 potions of curing.
  8987 | D:8      | 8987 ||| (to cure confusion)
  8990 | D:8      | 8990 ||| DRINKING 7 potions of curing.
  8990 | D:8      | 8990 ||| (to cure confusion)
  9162 | D:8      | 9162 ||| DROPPING +1 ring mail of positive energy.
  9163 | D:8      | 9163 ||| READING scroll labelled YGEATI XADEEXAX.
  9164 | D:8      | 9164 ||| READING scroll labelled ZUNAHI KINU.
  9165 | D:8      | 9165 ||| READING 2 scrolls of identify.
  9165 | D:8      | 9165 ||| IDENTIFYING bubbling amethyst potion
  9166 | D:8      | 9166 ||| DROPPING potion of berserk rage.
  9209 | D:9      | Noticed a death yak
  9209 | D:9      | Noticed a death yak
  9209 | D:9      | Noticed a death yak
  9210 | D:9      | 9210 ||| Stepping ~*~*~tactically~*~*~ (stealth).
  9213 | D:9      | Noticed a death yak
  9213 | D:9      | Noticed a death yak
  9214 | D:9      | Noticed a death yak
  9220 | D:9      | 9220 ||| Stepping ~*~*~tactically~*~*~ (stealth).
  9224 | D:9      | Noticed a death yak
  9225 | D:9      | 9225 ||| Stepping ~*~*~tactically~*~*~ (stealth).
  9227 | D:9      | Noticed a death yak
  9233 | D:9      | 9233 ||| Stepping ~*~*~tactically~*~*~ (stealth).
  9236 | D:9      | Killed a death yak
  9237 | D:9      | Reached skill level 11 in Axes
  9238 | D:9      | HP: 16/64 [death yak (20)]
  9244 | D:9      | Killed a death yak
  9245 | D:9      | Reached skill level 9 in Fighting
  9245 | D:9      | Slain by a death yak

Levels and vault maps discovered:
D:1:      mrwooster_arrival_statue_2, layout_rooms
D:2:      layout_rooms, uniq_crazy_yiuf_cottage
D:3:      layout_rooms, hangedman_ru_absence, gammafunk_ghost_icy, uniq_jessica,
          uniq_terence
D:4:      minmay_wonky_spiral, layout_basic, serial_shops, shop, uniq_natasha
D:5:      layout_basic
D:6:      layout_rooms, gammafunk_ghost_grave, chequers_serial_rivers_micro_e,
          uniq_sigmund, uniq_blork_the_orc, uniq_edmund, uniq_grinder
D:7:      layout_rooms, temple_statues, uniq_duvessa
D:8:      layout_basic, onia_ninara_dug_in_and_dangerous
D:9:      layout_roguey, dpeg_lair_monsters, orc_0_dummy

Skill      XL: |  1  2  3  4  5  6  7  8  9 10 |
---------------+-------------------------------+-----
Axes           | 2 3 4 5 6 7 8 10 11 | 11.3
Fighting       | 4 5 6 8 9 |  9.1
Dodging        | 1 |  1.0
Armour         | 4 5 6 |  6.0
Shields        | 4 5 |  5.1

Action                   |  1- 3 |  4- 6 |  7- 9 | 10-12 || total
-------------------------+-------+-------+-------+-------++-------
Melee: War axe           |   104 |   139 |   283 |   131 ||   657
  Use: Scroll            |     5 |     3 |    10 |     5 ||    23
       Potion            |       |     2 |     5 |     2 ||     9
Armor: Scale mail        |    76 |     8 |       |       ||    84
       Chain mail        |       |    73 |   191 |    58 ||   322
Dodge: Dodged            |    52 |    58 |   101 |    79 ||   290
Block: Buckler           |    31 |    36 |    67 |    24 ||   158

Table legend:
 A = Non-vault XP
 B = Vault XP
 C = Vault XP percentage of total XP
 D = Non-vault monster count
 E = Vault monster count
 F = Vault count percentage of total count
                 A         B        C        D         E       F
            +---------+---------+-------+---------+---------+-------
      Total |    5231 |    2737 |  34.3 |     163 |      14 |   7.9
            +---------+---------+-------+---------+---------+-------
        D:1 |      55 |       0 |   0.0 |      26 |       0 |   0.0
        D:2 |      68 |       0 |   0.0 |      27 |       0 |   0.0
        D:3 |     143 |      73 |  33.8 |      21 |       2 |   8.7
        D:4 |     504 |      51 |   9.2 |      13 |       4 |  23.5
        D:5 |     615 |       0 |   0.0 |      23 |       0 |   0.0
        D:6 |     216 |     774 |  78.2 |       9 |       4 |  30.8
        D:7 |    2345 |     221 |   8.6 |      20 |       2 |   9.1
        D:8 |    1285 |       0 |   0.0 |      24 |       0 |   0.0
        D:9 |       0 |    1618 | 100.0 |       0 |       2 | 100.0
            +---------+---------+-------+---------+---------+-------
